 Dungeon Crawl Stone Soup version 0.27-a0-1273-gec92ba881d (webtiles) character file.

Game seed: 906284578627860090

49 freelancePsychic the Slasher (level 3, 0/42 HPs)
             Began as a Demonspawn Wanderer on June 11, 2021.
             Succumbed to a goblin's poison
             ... on level 2 of the Dungeon.
             The game lasted 00:02:05 (1373 turns).

freelancePsychic the Slasher (Demonspawn Wanderer)  Turns: 1373, Time: 00:02:05

Health: 0/42       AC: 21    Str: 14    XL:     3   Next: 53%
Magic:  3/3        EV:  2    Int: 12    God:
Gold:   19         SH:  0    Dex: 12    Spells: 2/2 levels left

rFire    . . .     SeeInvis .   a - +2 falchion
rCold    . . .     Faith    .   (no shield)
rNeg     + + +     Spirit   .   (armour currently unavailable)
rPois    +         Reflect  .   (helmet currently unavailable)
rElec    .         Harm     .   (cloak currently unavailable)
rCorr    .         Rampage  .   (gloves currently unavailable)
Will     .....     NoTele   +   (boots currently unavailable)
Stlth    +.........             (no amulet)
HPRegen  0.14/turn              (no ring)
MPRegen  0.08/turn              (no ring)

@: brilliant, lethally poisoned (0 -> -5), tree-form
A: stationary, stasis, torment immunity, boosted hp, (horns 1)
a: no special abilities


You were on level 2 of the Dungeon.
You were a tree.
You visited 1 branch of the dungeon, and saw 2 of its levels.

You collected 19 gold pieces.

Inventory:

Hand Weapons
 a - a +2 falchion (weapon)
Armour
 d - a +0 robe
 i - a +0 scale mail (melded)
Jewellery
 f - a ring of positive energy
Scrolls
 c - a scroll of teleportation {@r4}
Potions
 h - a potion of flight


   Skills:
 - Level 2.9 Fighting
 * Level 3.0 Long Blades
 - Level 1.7 Maces & Flails
 + Level 2.1 Dodging
 - Level 2.0 Evocations


You had 2 spell levels left.
You didn't know any spells.
Your spell library contained the following spells:

 Spells                   Type           Power      Damage    Failure   Level
 Sandblast                Erth           0%         2d4       32%         1
 Conjure Flame            Conj/Fire      0%         6-21      69%         3
 Ignite Poison            Fire/Tmut/Pois 0%         N/A       69%         3
 Bolt of Magma            Conj/Fire/Erth 0%         4d4       100%        5


Dungeon Overview and Level Annotations

Branches:
Dungeon (2/15)

Altars:


Innate Abilities, Weirdness & Mutations

You are a tree.
Your roots penetrate the ground, keeping you stationary.
You cannot be teleported.
You are immune to unholy pain and torment.
Your maximum health is greatly increased.
Your equipment is partially melded.
((You have a pair of small horns on your head.))


Message History

The kobold shouts!
The goblin hits you but does no damage.
You closely miss the goblin.
The goblin is moderately wounded.
You feel very sick.
The goblin hits you with a +1 dagger of venom.
You are lethally poisoned!
The goblin unwields a +0 hunting sling.
The goblin wields a +0 club.
The goblin hits you but does no damage.
You hit the goblin.
You kill the goblin!
You feel very sick.
The ball python bites you but does no damage.
The ball python grabs you. The ball python constricts you.
The goblin hits you but does no damage.
The ball python bites you but does no damage.
The ball python constricts you.
You slash the goblin!
You kill the goblin!
* * * LOW HITPOINT WARNING * * *
You feel very sick.
The ball python bites you but does no damage.
The ball python constricts you.
You slash the ball python!
You kill the ball python!
* * * LOW HITPOINT WARNING * * *
You feel very sick.
You closely miss the kobold.
* * * LOW HITPOINT WARNING * * *
You feel sick.
A bat comes into view.
The kobold hits you with a +0 short sword.
* * * LOW HITPOINT WARNING * * *
You hit the kobold.
The kobold is severely wounded.
* * * LOW HITPOINT WARNING * * *
You feel sick. The kobold hits you but does no damage.
It was a potion of brilliance.
You feel clever all of a sudden.
You die...

##.....#...........
#
##....#..########.##
. ##...'.## ..# #'
####..#.# #.# ^..
#.###.#.######## .#
....#..####.........
##
.$.'...###.........
# #b.).##.........
## #.K♣..#.........
#' ##....#.........
#. ##..†'..[......
## ##..#.#.#####.
##.#.#.# ###.#.# ..
#.#.# #.. ..# #..
..# #..


You could see a bat and a kobold.

Vanquished Creatures
  2 dart slugs (D:1)
  4 ball pythons
  7 endoplasms
  A giant cockroach (D:1)
  6 goblins
  8 hobgoblins
  A quokka (D:1)
  4 bats (D:1)
  2 kobolds
  2 rats (D:1)
37 creatures vanquished.

Notes
Turn   | Place    | Note
-------+----------+-------------------------------------------
     0 | D:1      | freelancePsychic the Demonspawn Wanderer began the quest
                  | for the Orb.
     0 | D:1      | freelancePsychic set off with the following items: a +2
                  | falchion, a potion of lignification, a scroll of
                  | teleportation {@r4}, a +0 robe
     0 | D:1      | Reached XP level 1. HP: 16/16 MP: 1/1
   423 | D:1      | Identified the Incunabulum of the Torrid Rocks
   434 | D:1      | Gained mutation: You have a pair of small horns on your
                  | head. [demonic ancestry]
   434 | D:1      | Reached XP level 2. HP: 23/23 MP: 2/2
   891 | D:1      | Reached XP level 3. HP: 26/28 MP: 3/3
  1364 | D:2      | Reached skill level 3 in Long Blades
  1372 | D:2      | HP: 1/42 [poisoned by a goblin]
  1373 | D:2      | Succumbed to a goblin's poison

Illustrated notes

Levels and vault maps discovered:
D:1:      dpeg_arrival_radiant, layout_basic
D:2:      layout_basic, kennysheep_pointless_box, grunt_decor_one_mirror,
          minmay_quadrilaterals

Skill      XL: |  1  2  3 |
---------------+----------+-----
Dodging        | 2 |  2.1
Long Blades    | 3 |  3.0
Fighting       | |  2.9
Maces & Flails | |  1.7
Evocations     | |  2.0

Action                   || total
-------------------------++-------
Melee: Falchion          ||    69
       Headbutt          ||    10
  Use: Scroll            ||     3
       Potion            ||     2
Armor: Robe              ||    11
       Scale mail        ||    10
       Skin              ||     7
Dodge: Dodged            ||    42
       Rpst.: Falchion   ||    11

Table legend: (Time is in decaauts)
 A = Elapsed time spent in this place.
 B = Non-inter-level travel time spent in this place.
 C = Inter-level travel time spent in this place.
 D = Time resting spent in this place.
 E = Time spent auto-exploring this place.
 F = Levels seen in this place.
 G = Mean time per level.
                   A        B        C        D        E       F      G
               +--------+--------+--------+--------+--------+-----+--------+
         Total |   1383 |   1363 |     20 |    231 |    915 |   2 |  691.5 |
       Dungeon |   1383 |   1363 |     20 |    231 |    915 |   2 |  691.5 |
               +--------+--------+--------+--------+--------+-----+--------+

Top non-repeatable levels by time:
     D:1: 1178 daAuts
     D:2: 204 daAuts
